 Dungeon Crawl Stone Soup version 0.14.2-1-g46dc7f8a84 (webtiles) character file.

287 Hugehornet the Charlatan (level 5, 0/29 HPs)
             Began as a Kobold Artificer on May 14, 2020.
             Slain by a scorpion (7 damage)
             ... on Level 4 of the Dungeon.
             The game lasted 00:06:08 (3635 turns).

Hugehornet the Charlatan (Kobold Artificer)         Turns: 3635, Time: 00:06:08

HP   0/29        AC  4     Str 10      XL: 5   Next: 54%
MP   9/9         EV 13     Int 13      God:
Gold 140         SH  0     Dex 17      Spells:  0 memorised,  4 levels left

rFire  . . .     SeeInvis .     a - +0 short sword
rCold  + . .     Clarity  .     e - +0 leather armour
rNeg   . . .     Conserve .     (no shield)
rPois  .         rCorr    .     (no helmet)
rElec  .         rRot     .     (no cloak)
SustAb . .       Spirit   .     z - +0 pair of gloves
rMut   .         Warding  .     (no boots)
Saprov + + .     Stasis   +     w - amulet of stasis
MR     .....                    u - +3 ring of intelligence
                                r - ring of protection from cold

@: lethally poisoned, not resistant to hostile enchantments, quite stealthy
A: disease resistance, carnivore 3, saprovore 2
a: no special abilities


You were on level 4 of the Dungeon.
You were not hungry.

You visited 1 branch of the dungeon, and saw 4 of its levels.

You collected 140 gold pieces.

Inventory:

Hand weapons
 a - a +0,+0 short sword (weapon)
Armour
 e - a +0 leather armour (worn)
 z - a +0 pair of gloves (worn)
Magical devices
 b - a wand of flame (10)
 c - a wand of enslavement (15)
 d - a wand of random effects (15)
 y - a wand of digging (11) {unknown}
Comestibles
 f - 2 meat rations
 m - 3 bread rations
 t - 2 pears
 B - a choko
 C - an apple
Scrolls
 g - a scroll of enchant armour {unknown}
 h - 2 scrolls of amnesia {unknown}
 j - 2 scrolls of teleportation {unknown}
 o - 2 scrolls of enchant weapon II {unknown}
 s - 3 scrolls of random uselessness {unknown}
 v - a scroll of fear {unknown}
 x - a scroll of recharging {unknown}
 A - a scroll of remove curse {unknown}
Jewellery
 r - a ring of protection from cold (left hand)
 u - a +3 ring of intelligence (right hand)
 w - an amulet of stasis (around neck)
Potions
 i - 2 potions of brilliance
 k - a potion of paralysis
 l - a potion of agility
 n - 2 potions of restore abilities {unknown}
 p - a potion of mutation {unknown}
 q - a potion of heal wounds {unknown}


   Skills:
 - Level 1.1 Fighting
 + Level 3.3 Short Blades
 - Level 2.4 Dodging
 * Level 4.9 Stealth
 + Level 5.1 Evocations


You had 4 spell levels left.
You didn't know any spells.

Dungeon Overview and Level Annotations

Branches:
Dungeon (4/15)
 Temple: D:4-7

Altars:
Cheibriados


Innate Abilities, Weirdness & Mutations

You recuperate from illness quickly.
You are small and have problems with some larger weapons.
You are carnivorous and can eat meat at any time.
You can eat rotten meat.


Message History

You closely miss the scorpion. The scorpion stings you.
You hit the scorpion but do no damage. The scorpion stings you.
You are poisoned.
The scorpion poisons you!
You hit the scorpion.
The scorpion is lightly wounded.
You feel sick. The scorpion stings you.
You are more poisoned.
The scorpion poisons you!
You barely miss the scorpion.
You feel sick. The scorpion stings you.
You are more poisoned.
The scorpion poisons you!
You hit the scorpion but do no damage.
You feel very sick. The scorpion stings you.
You hit the scorpion.
The scorpion is lightly wounded.
* * * LOW HITPOINT WARNING * * *
You feel sick. The scorpion stings you!
You die...

. . . .## #
..##.######.####.#
.......s@........#
..#######.....###
####.......##
#...........#
#.##.......## ###
# ##.....## #..
##...## #.#
####.#### #.#
#.......#


You could see a scorpion.

Vanquished Creatures
  A worker ant (D:3)
  Ijyb (D:2)
  4 adders
  A worm (D:3)
  4 orcs (D:3)
  A ball python (D:1)
  6 bats
  6 goblins
  10 hobgoblins
  6 kobolds
  2 oozes (D:1)
  6 giant newts
  3 jackals (D:3)
  13 rats
64 creatures vanquished.

Notes
Turn   | Place    | Note
--------------------------------------------------------------
     0 | D:1      | Hugehornet, the Kobold Artificer, began the quest for the Orb.
     0 | D:1      | Reached XP level 1. HP: 12/12 MP: 1/1
   378 | D:1      | Reached XP level 2. HP: 12/16 MP: 3/3
  1096 | D:1      | Reached skill level 4 in Evocations
  1096 | D:1      | Reached XP level 3. HP: 16/20 MP: 5/5
  1643 | D:2      | Noticed Ijyb
  1657 | D:2      | Killed Ijyb
  1657 | D:2      | Reached XP level 4. HP: 23/25 MP: 6/6
  2172 | D:2      | Found a snail-covered altar of Cheibriados.
  2327 | D:3      | Reached XP level 5. HP: 10/29 MP: 8/8
  2335 | D:3      | HP: 1/29 [poisoned by a worker ant]
  3165 | D:3      | Reached skill level 5 in Evocations
  3635 | D:4      | Slain by a scorpion

Action                   |  1- 3 |  4- 6 || total
-------------------------+-------+-------++-------
Melee: Short sword       |   103 |   156 ||   259
Evoke: Wand              |     4 |     1 ||     5
  Use: Scroll            |     2 |     3 ||     5
       Potion            |     2 |     1 ||     3
 Stab: Sleeping          |     1 |     6 ||     7
       Invisible         |     1 |       ||     1
